 Dungeon Crawl Stone Soup version 0.26-b1-32-g5d43845318 (webtiles) character file.

Game seed: 8812247729913611153

384 MisterFreud the Ruffian (level 6, -3/59 HPs)
             Began as a Troll Fighter on Jan 12, 2021.
             Slain by a gnoll
             ... wielding a +0 halberd
              (12 damage)
             ... on level 4 of the Dungeon.
             The game lasted 00:02:06 (2291 turns).

MisterFreud the Ruffian (Troll Fighter)             Turns: 2291, Time: 00:02:06

Health: -3/59      AC:  7    Str: 25    XL:     6   Next: 47%
Magic:  5/5        EV:  8    Int:  2    God:
Gold:   204        SH:  8    Dex:  9    Spells: 5/5 levels left

rFire    . . .     SeeInvis .     - Unarmed
rCold    . . .     Faith    .   b - +0 kite shield
rNeg     . . .     Spirit   .   a - +0 robe
rPois    .         Reflect  .   (helmet restricted)
rElec    .         Harm     .   q - +0 cloak
rCorr    .         Rampage  .   (gloves unavailable)
Will     .....                  (boots unavailable)
Stlth    +.........             (no amulet)
HPRegen  0.59/turn              p - -4 ring of intelligence (curse)
MPRegen  0.09/turn              (no ring)

@: lethally poisoned (-3 -> -5)
A: large, unfitting armour, claws 3, regeneration 1, shaggy fur 1, tough skin 3
a: no special abilities


You were on level 4 of the Dungeon.
You visited 1 branch of the dungeon, and saw 4 of its levels.

You collected 204 gold pieces.

Inventory:

Missiles
 e - 7 silver javelins (quivered)
 h - 18 poisoned darts
Armour
 a - a +0 robe (worn)
 b - a +0 kite shield (worn)
 q - a +0 cloak (worn)
Jewellery
 p - a cursed -4 ring of intelligence (left claw)
Scrolls
 d - 4 scrolls of identify {unknown}
 f - 4 scrolls of remove curse {unknown}
 i - a scroll of enchant weapon {unknown}
 j - 9 scrolls of teleportation {unknown}
 m - a scroll of fog {unknown}
 n - 2 scrolls of random uselessness {unknown}
 r - 2 scrolls of amnesia {unknown}
 s - 2 scrolls of enchant armour {unknown}
 t - a scroll of magic mapping {unknown}
Potions
 c - a potion of might
 g - a potion of degeneration {unknown}
 k - a potion of ambrosia {unknown}
 l - a potion of curing {unknown}
 o - 2 potions of lignification {unknown}


   Skills:
 - Level 2.4 Fighting
 - Level 4.0 Throwing
 - Level 2.4 Dodging
 - Level 2.4 Shields
 + Level 5.2 Unarmed Combat


You had 5 spell levels left.
You didn't know any spells.
Your spell library was empty.

Dungeon Overview and Level Annotations

Branches:
Dungeon (4/15)
 Temple: D:4-7

Altars:
Nemelex Xobeh


Innate Abilities, Weirdness & Mutations

You are too large for most types of armour.
You have claws for hands.
Your natural rate of healing is unusually fast.
You are covered in fur. (AC +1)
You have extremely tough skin. (AC +3)


Message History

You are too injured to fight recklessly!
You completely miss the scorpion.
The scorpion is severely wounded.
You feel sick. The gnoll hits you but does no damage.
You block the gnoll's attack.
The scorpion stings you but does no damage.
You closely miss the scorpion.
The scorpion is severely wounded.
You feel sick. The gnoll closely misses you. The scorpion stings you.
* * * LOW HITPOINT WARNING * * *
The gnoll hits you but does no damage.
You are too injured to fight recklessly!
You claw the scorpion!
You kill the scorpion!
You feel sick. The gnoll barely misses you.
Training target 4.0 for Throwing reached!
Your Throwing skill increases to level 4!
You are too injured to fight recklessly!
You feel sick. The gnoll hits you with a +0 halberd!
You die...

... .# .##.#
..#g# ...# ) ...
#..#
#...##)####..####
#.....)..()....#
###
###.#.#.#.)..#.#
.. ...........#.#
.# ###.#<....gg.#
)# #.......#@##
## #####.###.###
###.# ###.......#
....# ..........#
##### ###.###.#.#
# #.##..#.# #
#.#..##.#
#.#.###.# #
#.....)>#


You could see 2 gnolls.

Vanquished Creatures
  Sigmund (D:3)
  A scorpion (D:4)
  A worker ant (D:4)
  A hound skeleton (D:4)
  2 gnolls (D:4)
  5 adders
  An ooze (D:3)
  A dart slug (D:2)
  5 leopard geckos
  6 orcs
  2 ball pythons
  5 giant cockroaches
  7 goblins
  6 hobgoblins
  6 bats
  5 frilled lizards
  9 kobolds
  6 rats
70 creatures vanquished.

Notes
Turn   | Place    | Note
-------+----------+-------------------------------------------
     0 | D:1      | MisterFreud the Troll Fighter began the quest for the Orb.
     0 | D:1      | Reached XP level 1. HP: 22/22 MP: 0/0
   192 | D:1      | Reached XP level 2. HP: 22/29 MP: 1/1
   197 | D:1      | Reached skill level 1 in Throwing
   712 | D:2      | Reached XP level 3. HP: 36/36 MP: 2/2
   717 | D:2      | Reached skill level 3 in Unarmed Combat
  1474 | D:3      | Reached XP level 4. HP: 44/44 MP: 3/3
  1531 | D:3      | Found a sparkling altar of Nemelex Xobeh.
  1661 | D:3      | Noticed Sigmund
  1686 | D:3      | Killed Sigmund
  1687 | D:3      | Reached skill level 4 in Unarmed Combat
  1687 | D:3      | Reached XP level 5. HP: 13/50 MP: 4/4
  1969 | D:3      | Reached XP level 6. HP: 59/59 MP: 5/5
  2284 | D:4      | Reached skill level 5 in Unarmed Combat
  2291 | D:4      | Slain by a gnoll

Illustrated notes

Levels and vault maps discovered:
D:1:      lightli_arrival_statuegarden, layout_basic, dk_noncrumbling_3
D:2:      layout_loops_ring
D:3:      layout_loops_corners, portal_sewer_entry_f, amcnicky_mini_pool_small,
          st_stairs_3, nemelex_dance_club_becter, uniq_sigmund
D:4:      gammafunk_wand_slinger, layout_loops_cross, minmay_temple_entry_grid,
          minivault_19, uniq_duvessa

Skill      XL: |  1  2  3  4  5  6 |
---------------+-------------------+-----
Throwing       | 1 2 3 4 |  4.0
Unarmed Combat | 3 4 5 |  5.2
Fighting       | |  2.4
Dodging        | |  2.4
Shields        | |  2.4

Action                   |  1- 3 |  4- 6 || total
-------------------------+-------+-------++-------
Melee: Unarmed           |    81 |   105 ||   186
 Stab: Sleeping          |       |     1 ||     1
Armor: Robe              |    32 |    35 ||    67
Dodge: Dodged            |    22 |    24 ||    46
Block: Kite shield       |    35 |    36 ||    71
